 Dungeon Crawl Stone Soup version 0.28.0-53-g5a82cb258f (webtiles) character file.

Game seed: 10281784047574504154

595 KamiKatze the Chopper (level 7, 0/43 HPs)
             Began as a Gargoyle Berserker on Aug 17, 2022.
             Was a Priest of Trog.
             Shot with an arrow by a centaur (10 damage)
             ... on level 5 of the Dungeon.
             The game lasted 00:14:18 (4313 turns).

KamiKatze the Chopper (Gargoyle Berserker)          Turns: 4313, Time: 00:14:19

Health: 0/43       AC: 11    Str: 23    XL:     7   Next: 40%
Magic:  7/7        EV: 11    Int:  7    God:    Trog [***...]
Gold:   187        SH:  0    Dex:  9    Spells: 6/6 levels left

rFire   . . .      SeeInvis .   a - +0 hand axe
rCold   . . .      Faith    .   (no shield)
rNeg    + + .      Spirit   .   g - +1 ring mail
rPois   ∞          Reflect  .   (no helmet)
rElec   +          Harm     .   (no cloak)
rCorr   .          Rampage  .   (no gloves)
Will    .....                   (no boots)
Stlth   ..........              (no amulet)
HPRegen 0.14/turn               i - ring of positive energy
MPRegen 0.10/turn               (no ring)

@: confused
A: sickness immunity, AC +4, negative energy resistance 1, electricity
resistance, torment resistance 1, petrification resistance
a: Renounce Religion, Berserk, Trog's Hand


You were on level 5 of the Dungeon.
You worshipped Trog.
Trog was most pleased with you.
You visited 1 branch of the dungeon, and saw 5 of its levels.
You also visited: Sewer.

You collected 187 gold pieces.

Inventory:

Hand Weapons
 a - a +0 hand axe (weapon)
 l - a +0 dire flail
 t - a +0 war axe
Missiles
 f - 112 stones
 o - 24 poisoned darts (quivered)
Armour
 b - a +0 animal skin
 g - a +1 ring mail (worn)
Jewellery
 i - a ring of positive energy (left hand)
Scrolls
 c - a scroll of magic mapping {unknown}
 e - a scroll of acquirement {unknown}
 h - 4 scrolls of teleportation
 n - a scroll of noise {unknown}
 p - a scroll of blinking {unknown}
 v - 2 scrolls of fear
Potions
 d - 3 potions of mutation {unknown}
 j - 4 potions of curing
 k - 2 potions of degeneration {unknown}
 m - a potion of haste {unknown}
 q - a potion of resistance
 r - a potion of experience {unknown}
 s - 2 potions of ambrosia {unknown}
 u - 3 potions of might {unknown}
 w - a potion of attraction {unknown}
 x - a potion of lignification {unknown}


   Skills:
 - Level 4.0 Fighting
 * Level 7.0 Axes
 - Level 3.0 Armour
 - Level 2.0 Dodging


You had 6 spell levels left.
You didn't know any spells.
Your spell library was empty.

Dungeon Overview and Level Annotations

Branches:
Dungeon (5/15)              Sewer (visited)
 Temple: D:4-7

Altars:
Xom


Innate Abilities, Weirdness & Mutations

You are immune to sickness and miasma.
Your stone body is resilient. (AC +4)
You are immune to poison.
You resist negative energy. (rN+)
You are resistant to electric shocks. (rElec)
You are resistant to unholy torment.
You are immune to petrification.


Message History

f - 108 stones (gained 2)
Items here: )) ††.
f - 112 stones (gained 4)
You see here a +0 short sword.
You see here a +0 dagger.
You now have 187 gold pieces (gained 18).
Key pressed, stopping explore.
Found a plate armour.
An orc wizard comes into view. It is wielding a +0 dagger.
The orc wizard shouts!
You hear a shout! x2
An ogre comes into view. It is wielding a +0 giant spiked club.
The ogre shouts!
Found a blackened coral ring.
The orc wizard casts a spell at you.
You are confused.
The ogre hits you with a +0 giant spiked club!
The orc wizard gestures at you while chanting.
You are more confused.
You hear a shout!
A centaur comes into view.
The centaur wields a +2 shortbow of freezing.
It is covered in frost.
The centaur shoots an arrow.
The arrow hits you!
* * * LOW HITPOINT WARNING * * *
The arrow freezes you.
* * * LOW HITPOINT WARNING * * *
The centaur shoots an arrow.
The arrow closely misses you.
You see here a +0 dagger.
You see here a +0 whip.
You're too confused to move!
The ogre barely misses you.
Okay, then.
The centaur shoots an arrow.
The arrow hits you.
* * * LOW HITPOINT WARNING * * *
The arrow freezes you.
* * * LOW HITPOINT WARNING * * *
The centaur shoots an arrow.
The arrow hits you but does no damage. The ogre completely misses you.
You hear a shout!
The orc wizard closely misses you.
The centaur shoots an arrow.
The arrow hits you!
You die...

###########
#....@...(#
#.....O)..#
#.....o<).#
######.....))..#
#..............#
=....####.c.......#
### #.........#
#..........#
#..........#


You could see an ogre, a centaur and an orc wizard.

Vanquished Creatures
  5 kobold brigands
  An orc priest (D:3)
  An iguana (D:4)
  2 orc wizards (D:3)
  An adder (D:4)
  A river rat (Sewer)
  3 worms
  2 dart slugs
  5 orcs (D:3)
  9 ball pythons
  13 endoplasms
  7 giant cockroaches
  3 goblins
  8 hobgoblins
  6 jackals
  19 kobolds
  8 quokkas
  5 bats
  3 frilled lizards
  7 rats
109 creatures vanquished.

Vanquished Creatures (collateral kills)
  A giant cockroach (D:4)
1 creature vanquished.

Grand Total: 110 creatures vanquished

Notes
Turn   | Place    | Note
-------+----------+-------------------------------------------
     0 | D:1      | KamiKatze the Gargoyle Berserker began the quest for the
                  | Orb.
     0 | D:1      | Reached XP level 1. HP: 14/14 MP: 1/1
   231 | D:1      | Reached XP level 2. HP: 4/19 MP: 2/2
   378 | D:1      | Reached skill level 3 in Axes
   488 | D:1      | Reached XP level 3. HP: 11/23 MP: 3/3
   495 | D:1      | Reached ** piety under Trog
  1085 | D:2      | Found a shimmering altar of Xom.
  2001 | D:3      | Reached XP level 4. HP: 29/29 MP: 4/4
  2345 | D:3      | Reached skill level 4 in Axes
  2347 | D:3      | Reached XP level 5. HP: 20/33 MP: 5/5
  2917 | D:4      | Reached *** piety under Trog
  2971 | D:4      | Reached skill level 5 in Axes
  2972 | D:4      | Found a glowing drain.
  3000 | Sewer    | Entered a sewer
  3252 | Sewer    | Reached XP level 6. HP: 33/38 MP: 6/6
  3375 | Sewer    | Reached skill level 6 in Axes
  3457 | Sewer    | Reached XP level 7. HP: 16/43 MP: 7/7
  4260 | D:5      | Entered Level 5 of the Dungeon
  4278 | D:5      | Reached skill level 7 in Axes
  4313 | D:5      | Shot with an arrow by a centaur

Illustrated notes

Levels and vault maps discovered:
D:1:      erik_arrival_triangle_huge, layout_loops_ring, minmay_heptomino_o4
D:2:      layout_basic, basic_altar, supply_closet_lemuel
D:3:      layout_basic, minmay_misc_feat_tiny
D:4:      layout_basic, gup_sewer_entry_pipe
D:5:      layout_loops_ring, old_standard_altar

Skill      XL: |  1  2  3  4  5  6  7 |
---------------+----------------------+-----
Axes           | 3 4 5 6 7 |  7.0
Dodging        | 2 |  2.0
Fighting       | 4 |  4.0
Armour         | 3 |  3.0

Action                   |  1- 3 |  4- 6 |  7- 9 || total
-------------------------+-------+-------+-------++-------
Melee: Hand axe          |   112 |   254 |    44 ||   410
       Punch             |     1 |       |     2 ||     3
Throw: Stone             |    10 |     3 |       ||    13
Invok: Berserk           |     1 |     1 |     1 ||     3
  Use: Scroll            |       |     7 |       ||     7
       Potion            |       |       |     1 ||     1
Armor: Animal skin       |     8 |       |       ||     8
       Ring mail         |    29 |   110 |    29 ||   168
Dodge: Dodged            |    55 |   137 |    25 ||   217
